 Dungeon Crawl Stone Soup version 0.24.1-11-gbbbb2193e6 (webtiles) character file.

Game seed: 4731583139220495563, levelgen mode: deterministic

128 Hugehornet the Insei (level 5, -4/33 HPs)
             Began as an Octopode Transmuter on May 13, 2020.
             Killed by divine providence
             ... invoked by an orc priest
              (7 damage)
             ... on level 3 of the Dungeon.
             The game lasted 00:03:43 (2413 turns).

Hugehornet the Insei (Octopode Transmuter)          Turns: 2413, Time: 00:03:44

Health: -4/33      AC:  2    Str:  7 (9)  XL:     5   Next: 11%
Magic:  3/9        EV: 19    Int: 16 (17) God:
Gold:   46         SH:  0    Dex: 17 (19) Spells: 0/10 levels left

rFire    . . .     SeeInvis .     - Unarmed
rCold    . . .     Gourm    .   (shield currently unavailable)
rNeg     . . .     Faith    .   (helmet currently unavailable)
rPois    x         Spirit   .   (no amulet)
rElec    .         Reflect  .   g - +2 ring of dexterity
rCorr    .         Harm     .   (no ring)
MR       .....                  (no ring)
Stlth    ++........             (no ring)
HPRegen  0.11/turn              (no ring)
MPRegen  0.11/turn              (no ring)
                                (no ring)
                                (no ring)

@: spider-form, very slightly contaminated
A: tiny, almost no armour, stealthy swim, (amphibious), 8 rings, (constrict 8)
a: End Transformation


You were on level 3 of the Dungeon.
You were not hungry.
You were a venomous arachnid creature.
You visited 1 branch of the dungeon, and saw 3 of its levels.

You collected 46 gold pieces.

Inventory:

Missiles
 a - 12 arrows
Armour
 i - a cursed +0 shield
Jewellery
 g - a +2 ring of dexterity (left front leg)
Scrolls
 b - a scroll of fear {unknown}
 f - 3 scrolls of teleportation
 h - 3 scrolls of remove curse
 k - a scroll of noise {unknown}
Potions
 e - a potion of lignification
 l - a potion of degeneration
Comestibles
 c - 5 rations


   Skills:
 - Level 1.0 Fighting
 - Level 2.0 Dodging
 + Level 3.5 Unarmed Combat
 + Level 3.0 Spellcasting
 * Level 3.0 Transmutations
 * Level 0.0 Ice Magic
 - Level 3.0 Poison Magic


You couldn't memorise any spells.
You knew the following spells:

 Your Spells              Type           Power        Failure   Level  Hunger
a - Beastly Appendage     Tmut           ##....       16%         1    #......
b - Sticks to Snakes      Tmut           ##......     22%         2    ##.....
c - Spider Form           Tmut/Pois      ##........   34%         3    ###....
d - Ice Form              Ice/Tmut       #.......     86%         4    #####..

Your spell library contained the following spells:

 Spells                   Type           Power        Failure   Level  Hunger
 Blade Hands              Tmut           ##........   94%         5    ######.


Dungeon Overview and Level Annotations

Branches:
Dungeon (3/15)

Altars:
Trog
Wu Jian


Innate Abilities, Weirdness & Mutations

You cannot wear most types of armour.
You are very stealthy in the water. (Stealth+)
((You are amphibious.))
You can wear up to eight rings at the same time.
((You can use your tentacles to constrict eight enemies at once.))
((Your skin changes colour to match your surroundings (Stealth+).))
((Your rubbery body absorbs attacks. (AC +1, EV +1)))


Message History

You turn into a venomous arachnid creature.
The rat completely misses you.
You hit the orc but do no damage.
The orc is poisoned.
The orc is severely wounded.
The rat completely misses you. The orc hits you with a +0 flail.
You hit the orc but do no damage.
The orc is severely wounded.
You kill the orc!
The rat bites you.
You hit the rat.
You kill the rat!
You hit the orc but do no damage. The orc completely misses you.
You hit the orc.
The orc is poisoned.
The orc is heavily wounded.
The orc priest invokes the aid of Beogh against you.
Beogh smites you!
* * * LOW HITPOINT WARNING * * *
The orc priest calls down the wrath of Beogh upon you.
Beogh smites you!
You die...

#... ..?## #.....
..###....###
....#.#.... .#
.......$..##.... .
....#......oo.....
.......o####...#
.###..ooos.....#
#...######..#
#..........
#..########
#.......... #
#...###### # #..##
# #..# # #..#


You could see 2 orc priests and 2 orcs.

Vanquished Creatures
  Jessica (D:2)
  4 adders (D:2)
  A shadow imp (D:3)
  An ooze (D:2)
  3 dart slugs
  4 leopard geckos
  An orc (D:3)
  3 giant cockroaches
  4 goblins
  6 hobgoblins
  2 jackals (D:1)
  6 kobolds
  6 bats
  2 frilled lizards
  3 rats
47 creatures vanquished.

Notes
Turn   | Place    | Note
-------+----------+-------------------------------------------
     0 | D:1      | Hugehornet the Octopode Transmuter began the quest for the
                  | Orb.
     0 | D:1      | Reached XP level 1. HP: 13/13 MP: 3/3
   206 | D:1      | Reached XP level 2. HP: 11/18 MP: 3/5
   766 | D:1      | Reached XP level 3. HP: 23/23 MP: 4/6
   770 | D:1      | Learned a level 2 spell: Sticks to Snakes
   774 | D:1      | Learned a level 3 spell: Spider Form
   928 | D:2      | Reached skill level 1 in Poison Magic
  1368 | D:2      | Noticed Jessica
  1391 | D:2      | Killed Jessica
  1391 | D:2      | Reached XP level 4. HP: 23/28 MP: 6/8
  1702 | D:2      | Found an ornate altar of the Wu Jian Council.
  1703 | D:2      | HP: 1/28 [poisoned by an adder]
  2095 | D:2      | Reached XP level 5. HP: 33/33 MP: 7/9
  2165 | D:2      | Found a bloodstained altar of Trog.
  2312 | D:3      | Learned a level 4 spell: Ice Form
  2413 | D:3      | Killed from afar by an orc priest

Levels and vault maps discovered:
D:1:      lightli_arrival_flooded_house, layout_rooms, minmay_tromino_v7
D:2:      layout_rooms, marbit_many_paths, lemuel_round_altar, uniq_jessica
D:3:      layout_loops_ring, lemuel_coloured_pillars_altar, first_ration,
          minmay_misc_feat_more_columns, kennysheep_generic_room_8

Skill      XL: |  1  2  3  4  5 |
---------------+----------------+-----
Transmutations | 3 |  3.0
Poison Magic   | 2 3 |  3.0
Spellcasting   | 3 |  3.0
Fighting       | |  1.0
Dodging        | |  2.0
Unarmed Combat | |  3.5

Action                   |  1- 3 |  4- 6 || total
-------------------------+-------+-------++-------
Melee: Unarmed           |    79 |    44 ||   123
       Constrict         |    25 |     9 ||    34
       Kick              |    19 |     7 ||    26
       Tentacles         |     6 |     4 ||    10
       Punch             |     3 |     1 ||     4
 Cast: Beastly Appendage |    21 |    10 ||    31
       Spider Form       |       |     1 ||     1
  Use: Potion            |       |     3 ||     3
       Scroll            |       |     3 ||     3
 Stab: Sleeping          |     1 |     1 ||     2
  Eat: Chunk             |       |     5 ||     5
Armor: Skin              |    12 |     2 ||    14
Dodge: Dodged            |    56 |    24 ||    80
